[ PARTIDA AOE2 · #480552170 ]
Team RMFrancos vs Jurchens
[ ANÁLISIS DE REPETICIÓN · EXTRAÍDO DE LA PARTIDA GRABADA ]
Feudal
10:46
Castillos
19:53
Imperial
32:26
| APM promedio | 13.3 |
| APM pico | 32 |
| eAPM promedio | 10.6 |
| Aldeanos / militares | 101 / 32 |
Foco
⚔️ 16.5% · 🌾 83.5%
Knight ×24 · Trade Cart ×7 · Spearman ×6 · Monk ×1 · Trebuchet (Packed) ×1
Feudal
11:31
Castillos
15:27
Imperial
30:46
| APM promedio | 21.6 |
| APM pico | 38 |
| eAPM promedio | 14.0 |
| Aldeanos / militares | 97 / 43 |
Foco
⚔️ 18.0% · 🌾 82.0%
Mameluke ×30 · Monk ×5 · Trebuchet (Packed) ×5 · Mangonel ×3
Feudal
—
Castillos
—
Imperial
—
| APM promedio | 19.7 |
| APM pico | 69 |
| eAPM promedio | 12.7 |
| Aldeanos / militares | 105 / 183 |
Foco
⚔️ 23.5% · 🌾 76.5%
Karambit Warrior ×153 · Skirmisher ×30
Feudal
11:55
Castillos
17:12
Imperial
29:31
| APM promedio | 32.6 |
| APM pico | 90 |
| eAPM promedio | 23.1 |
| Aldeanos / militares | 132 / 100 |
Foco
⚔️ 28.0% · 🌾 72.0%
Archer ×62 · Rattan Archer ×17 · Spearman ×14 · Battering Ram ×3 · Trebuchet (Packed) ×3 · Mangonel ×1
Feudal
11:48
Castillos
21:30
Imperial
31:26
| APM promedio | 16.9 |
| APM pico | 41 |
| eAPM promedio | 9.7 |
| Aldeanos / militares | 97 / 25 |
Foco
⚔️ 15.7% · 🌾 84.3%
Kipchak ×25
Feudal
9:49
Castillos
22:54
Imperial
—
| APM promedio | 16.7 |
| APM pico | 56 |
| eAPM promedio | 9.6 |
| Aldeanos / militares | 119 / 47 |
Foco
⚔️ 17.3% · 🌾 82.7%
Battering Ram ×46 · Monk ×1
Feudal
10:57
Castillos
19:18
Imperial
—
| APM promedio | 17.8 |
| APM pico | 44 |
| eAPM promedio | 8.5 |
| Aldeanos / militares | 70 / 19 |
Foco
⚔️ 21.7% · 🌾 78.3%
Unknown (1911) ×23 · Unknown (1908) ×16 · Iron Pagoda ×9 · Archer ×8 · Battering Ram ×2
Feudal
12:03
Castillos
16:33
Imperial
31:20
| APM promedio | 14.3 |
| APM pico | 32 |
| eAPM promedio | 11.9 |
| Aldeanos / militares | 142 / 89 |
Foco
⚔️ 19.0% · 🌾 81.0%
Woad Raider ×82 · Battering Ram ×7
Mapa de la partida
Recursos iniciales + cada clic de construcción. Líneas = muros · curvas = relieve. ◆ oro · ⬟ piedra · ● bayas · ✦ reliquia · ◌ hueco del cierre
Tu base· ✓ Cerrada en 19:53 · 0t muro · 2 puerta(s)
Base de tzsmwwl· ✓ Cerrada en 15:27 · 0t muro · 2 puerta(s)
Base de Birdbrainsunite· ✓ Cerrada en 18:42 · 0t muro · 2 puerta(s)
Base de root· ✓ Cerrada en 17:12 · 0t muro · 2 puerta(s)
Base de H· ✓ Cerrada en 21:30 · 0t muro · 2 puerta(s)
Base de mrsoysal· ✓ Cerrada en 22:54 · 0t muro · 2 puerta(s)
Base de Bombastic Fanstastic· ✓ Cerrada en 19:18 · 0t muro · 2 puerta(s)
Base de julitadey· ✓ Cerrada en 16:33 · 0t muro · 3 puerta(s)
Terreno inicial suavizado · ◌ = hueco del cierre detectado · pasá el cursor para detalles
Inputs por minuto
— Don Broca - - tzsmwwl
Build order — Don Broca
Primeras 150 de 240 acciones detectadas
| 0:03 | Crear | Villager (Male) |
| 0:03 | Crear | Villager (Male) |
| 0:03 | Crear | Villager (Male) |
| 0:03 | Crear | Villager (Male) |
| 0:07 | Construir | House |
| 0:09 | Construir | House |
| 1:39 | Crear | Villager (Male) |
| 1:39 | Crear | Villager (Male) |
| 1:39 | Crear | Villager (Male) |
| 2:11 | Crear | Villager (Male) |
| 2:11 | Crear | Villager (Male) |
| 2:11 | Crear | Villager (Male) |
| 2:46 | Crear | Villager (Male) |
| 2:46 | Crear | Villager (Male) |
| 3:00 | Crear | Villager (Male) |
| 3:00 | Crear | Villager (Male) |
| 3:18 | Crear | Villager (Male) |
| 3:18 | Crear | Villager (Male) |
| 3:42 | Construir | Mill |
| 3:45 | Crear | Villager (Male) |
| 3:45 | Crear | Villager (Male) |
| 3:54 | Construir | House |
| 3:55 | Construir | House |
| 4:16 | Crear | Villager (Male) |
| 4:17 | Crear | Villager (Male) |
| 4:32 | Crear | Villager (Male) |
| 4:32 | Crear | Villager (Male) |
| 4:33 | Crear | Villager (Male) |
| 4:54 | Crear | Villager (Male) |
| 4:54 | Crear | Villager (Male) |
| 5:22 | Crear | Villager (Male) |
| 5:22 | Crear | Villager (Male) |
| 5:55 | Crear | Villager (Male) |
| 5:56 | Crear | Villager (Male) |
| 5:56 | Crear | Villager (Male) |
| 6:15 | Crear | Villager (Male) |
| 6:15 | Crear | Villager (Male) |
| 6:43 | Crear | Villager (Male) |
| 6:43 | Crear | Villager (Male) |
| 6:43 | Crear | Villager (Male) |
| 7:12 | Construir | Lumber Camp |
| 7:17 | Crear | Villager (Male) |
| 7:18 | Crear | Villager (Male) |
| 7:53 | Construir | House |
| 8:21 | Investigar | Feudal Age |
| 8:23 | Crear | Villager (Male) |
| 8:36 | Construir | Mining Camp |
| 9:27 | Crear | Villager (Male) |
| 9:38 | Construir | Mining Camp |
| 10:46 | Edad | Edad Feudal |
| 10:49 | Investigar | Double-Bit Axe |
| 10:55 | Crear | Villager (Male) |
| 10:55 | Crear | Villager (Male) |
| 11:11 | Construir | Market |
| 11:54 | Construir | House |
| 12:23 | Crear | Villager (Male) |
| 12:23 | Crear | Villager (Male) |
| 12:48 | Crear | Villager (Male) |
| 12:55 | Construir | Farm |
| 13:05 | Construir | Blacksmith |
| 13:22 | Construir | Farm |
| 13:25 | Crear | Villager (Male) |
| 13:25 | Crear | Villager (Male) |
| 13:45 | Construir | Farm |
| 13:54 | Construir | House |
| 13:54 | Construir | House |
| 13:57 | Construir | Farm |
| 13:57 | Construir | Farm |
| 13:57 | Construir | Farm |
| 13:57 | Construir | Farm |
| 13:58 | Construir | Farm |
| 13:58 | Construir | Farm |
| 13:58 | Construir | Farm |
| 13:58 | Construir | Farm |
| 13:58 | Construir | Farm |
| 13:59 | Construir | Farm |
| 14:15 | Construir | Farm |
| 14:22 | Construir | Farm |
| 14:37 | Crear | Villager (Male) |
| 14:37 | Crear | Villager (Male) |
| 14:41 | Construir | Farm |
| 14:51 | Construir | House |
| 15:08 | Construir | Farm |
| 15:12 | Crear | Villager (Male) |
| 15:13 | Crear | Villager (Male) |
| 15:34 | Construir | Farm |
| 15:54 | Construir | Farm |
| 16:08 | Crear | Villager (Male) |
| 16:21 | Construir | Farm |
| 16:42 | Crear | Villager (Male) |
| 16:45 | Construir | Farm |
| 17:12 | Construir | Farm |
| 17:13 | Investigar | Castle Age |
| 18:00 | Crear | Trade Cart |
| 18:00 | Crear | Trade Cart |
| 18:00 | Crear | Trade Cart |
| 18:09 | Crear | Trade Cart |
| 18:10 | Crear | Trade Cart |
| 18:10 | Crear | Trade Cart |
| 18:10 | Crear | Trade Cart |
| 18:45 | Crear | Villager (Male) |
| 18:47 | Investigar | Loom |
| 18:48 | Crear | Villager (Male) |
| 19:12 | Investigar | Stone Mining |
| 19:13 | Investigar | Gold Mining |
| 19:23 | Investigar | Gold Mining |
| 19:31 | Construir | Barracks |
| 19:42 | Construir | House |
| 19:53 | Edad | Edad de los Castillos |
| 19:55 | Investigar | Bow Saw |
| 20:26 | Crear | Villager (Male) |
| 20:26 | Crear | Villager (Male) |
| 20:35 | Crear | Spearman |
| 20:35 | Crear | Spearman |
| 20:36 | Crear | Spearman |
| 20:41 | Construir | House |
| 20:53 | Construir | Farm |
| 21:01 | Crear | Villager (Male) |
| 21:01 | Crear | Villager (Male) |
| 21:06 | Construir | House |
| 21:07 | Construir | House |
| 21:27 | Crear | Spearman |
| 21:27 | Crear | Spearman |
| 21:52 | Crear | Spearman |
| 22:13 | Construir | Castle |
| 22:19 | Crear | Villager (Male) |
| 22:20 | Crear | Villager (Male) |
| 22:20 | Crear | Villager (Male) |
| 22:30 | Construir | Stable |
| 22:52 | Construir | House |
| 22:53 | Construir | House |
| 22:54 | Construir | House |
| 23:42 | Crear | Villager (Male) |
| 23:42 | Crear | Villager (Male) |
| 23:42 | Crear | Villager (Male) |
| 23:42 | Crear | Villager (Male) |
| 23:51 | Construir | Mining Camp |
| 23:59 | Crear | Villager (Male) |
| 23:59 | Crear | Villager (Male) |
| 24:55 | Construir | Town Center |
| 25:16 | Construir | House |
| 25:16 | Construir | House |
| 25:41 | Crear | Villager (Male) |
| 25:41 | Crear | Villager (Male) |
| 26:10 | Crear | Villager (Male) |
| 26:11 | Crear | Villager (Male) |
| 26:21 | Construir | University |
| 27:07 | Crear | Villager (Male) |
| 27:07 | Crear | Villager (Male) |
| 27:07 | Crear | Villager (Male) |
Build order — tzsmwwl
Primeras 150 de 224 acciones detectadas
| 0:01 | Crear | Villager (Male) |
| 0:02 | Crear | Villager (Male) |
| 0:02 | Crear | Villager (Male) |
| 0:02 | Crear | Villager (Male) |
| 0:04 | Construir | House |
| 0:18 | Construir | House |
| 0:20 | Construir | House |
| 0:21 | Construir | House |
| 1:50 | Crear | Villager (Male) |
| 2:10 | Crear | Villager (Male) |
| 2:11 | Crear | Villager (Male) |
| 2:18 | Construir | Lumber Camp |
| 2:40 | Crear | Villager (Male) |
| 2:41 | Crear | Villager (Male) |
| 3:01 | Crear | Villager (Male) |
| 3:26 | Crear | Villager (Male) |
| 3:54 | Crear | Villager (Male) |
| 4:01 | Crear | Villager (Male) |
| 4:34 | Crear | Villager (Male) |
| 4:38 | Crear | Villager (Male) |
| 4:38 | Crear | Villager (Male) |
| 5:17 | Construir | Mill |
| 5:33 | Crear | Villager (Male) |
| 5:50 | Crear | Villager (Male) |
| 6:05 | Crear | Villager (Male) |
| 6:23 | Construir | Mill |
| 6:25 | Crear | Villager (Male) |
| 6:44 | Crear | Villager (Male) |
| 7:07 | Crear | Villager (Male) |
| 7:19 | Construir | House |
| 7:21 | Construir | House |
| 7:47 | Construir | House |
| 7:49 | Construir | House |
| 7:56 | Construir | Mining Camp |
| 7:58 | Crear | Villager (Male) |
| 8:24 | Crear | Villager (Male) |
| 8:50 | Crear | Villager (Male) |
| 9:03 | Construir | Mining Camp |
| 9:17 | Investigar | Feudal Age |
| 10:03 | Crear | Villager (Male) |
| 10:03 | Crear | Villager (Male) |
| 10:04 | Crear | Villager (Male) |
| 11:31 | Edad | Edad Feudal |
| 11:34 | Construir | Market |
| 11:39 | Construir | Blacksmith |
| 11:51 | Construir | Farm |
| 11:59 | Construir | Farm |
| 12:17 | Construir | Farm |
| 12:47 | Investigar | Castle Age |
| 12:51 | Construir | Farm |
| 13:08 | Construir | Farm |
| 13:28 | Investigar | Double-Bit Axe |
| 14:00 | Construir | Farm |
| 14:04 | Investigar | Horse Collar |
| 14:19 | Construir | House |
| 14:22 | Construir | House |
| 14:41 | Investigar | Stone Mining |
| 15:14 | Investigar | Gold Mining |
| 15:23 | Crear | Villager (Male) |
| 15:27 | Crear | Villager (Male) |
| 15:27 | Edad | Edad de los Castillos |
| 15:35 | Construir | Monastery |
| 15:51 | Crear | Villager (Male) |
| 16:21 | Crear | Monk |
| 16:21 | Crear | Monk |
| 16:28 | Construir | House |
| 16:39 | Construir | Town Center |
| 16:44 | Crear | Villager (Male) |
| 16:50 | Construir | Farm |
| 16:55 | Crear | Villager (Male) |
| 17:03 | Construir | House |
| 17:05 | Crear | Monk |
| 17:10 | Crear | Villager (Male) |
| 17:31 | Construir | Farm |
| 17:56 | Crear | Villager (Male) |
| 18:06 | Construir | House |
| 18:18 | Crear | Monk |
| 18:21 | Crear | Villager (Male) |
| 18:21 | Crear | Villager (Male) |
| 18:22 | Crear | Villager (Male) |
| 18:28 | Construir | Farm |
| 18:29 | Construir | Farm |
| 18:33 | Construir | Farm |
| 18:40 | Construir | House |
| 19:18 | Construir | Castle |
| 19:31 | Crear | Monk |
| 19:34 | Crear | Villager (Male) |
| 19:34 | Crear | Villager (Male) |
| 19:35 | Crear | Villager (Male) |
| 19:38 | Crear | Villager (Male) |
| 19:38 | Crear | Villager (Male) |
| 19:47 | Construir | Town Center |
| 20:12 | Crear | Villager (Male) |
| 20:14 | Crear | Villager (Male) |
| 20:26 | Crear | Villager (Male) |
| 20:38 | Construir | Town Center |
| 20:40 | Crear | Villager (Male) |
| 20:56 | Crear | Villager (Male) |
| 20:58 | Crear | Villager (Male) |
| 21:05 | Construir | Farm |
| 21:07 | Construir | Farm |
| 22:01 | Crear | Villager (Male) |
| 22:02 | Crear | Villager (Male) |
| 22:07 | Construir | Farm |
| 22:08 | Construir | Farm |
| 22:09 | Construir | Farm |
| 22:11 | Construir | Farm |
| 22:17 | Construir | Farm |
| 22:32 | Crear | Villager (Male) |
| 22:35 | Crear | Villager (Male) |
| 22:36 | Crear | Villager (Male) |
| 22:48 | Construir | House |
| 22:49 | Construir | House |
| 22:54 | Construir | House |
| 22:58 | Crear | Villager (Male) |
| 22:59 | Crear | Villager (Male) |
| 23:03 | Investigar | Wheelbarrow |
| 23:04 | Investigar | Loom |
| 23:09 | Crear | Villager (Male) |
| 23:11 | Crear | Villager (Male) |
| 23:16 | Crear | Mameluke |
| 23:19 | Construir | Farm |
| 23:28 | Construir | Farm |
| 23:35 | Crear | Mameluke |
| 23:57 | Construir | Gate |
| 24:43 | Construir | Stone Wall |
| 24:54 | Construir | Castle |
| 25:00 | Crear | Mameluke |
| 25:00 | Crear | Mameluke |
| 25:32 | Crear | Mameluke |
| 25:32 | Crear | Mameluke |
| 27:31 | Crear | Mameluke |
| 27:32 | Crear | Mameluke |
| 27:32 | Crear | Mameluke |
| 27:36 | Investigar | Imperial Age |
| 28:15 | Crear | Mameluke |
| 28:15 | Crear | Mameluke |
| 28:23 | Investigar | Fletching |
| 29:13 | Crear | Villager (Male) |
| 29:14 | Crear | Villager (Male) |
| 29:14 | Crear | Villager (Male) |
| 29:40 | Construir | Market |
| 29:52 | Crear | Villager (Male) |
| 29:52 | Crear | Villager (Male) |
| 29:53 | Crear | Villager (Male) |
| 29:59 | Construir | Farm |
| 30:00 | Construir | Farm |
| 30:02 | Construir | Farm |
| 30:03 | Construir | Farm |
| 30:07 | Construir | Farm |
Build order — Birdbrainsunite
Primeras 150 de 243 acciones detectadas
| 0:02 | Crear | Villager (Male) |
| 0:02 | Crear | Villager (Male) |
| 0:02 | Crear | Villager (Male) |
| 0:02 | Crear | Villager (Male) |
| 0:02 | Crear | Villager (Male) |
| 0:03 | Construir | House |
| 0:06 | Construir | House |
| 1:27 | Crear | Villager (Male) |
| 2:00 | Construir | Lumber Camp |
| 2:02 | Crear | Villager (Male) |
| 2:31 | Crear | Villager (Male) |
| 3:05 | Crear | Villager (Male) |
| 3:12 | Crear | Villager (Male) |
| 3:36 | Construir | House |
| 3:38 | Construir | House |
| 3:46 | Crear | Villager (Male) |
| 4:11 | Crear | Villager (Male) |
| 4:44 | Construir | Mill |
| 4:46 | Crear | Villager (Male) |
| 5:27 | Crear | Villager (Male) |
| 5:56 | Crear | Villager (Male) |
| 6:45 | Crear | Villager (Male) |
| 6:48 | Crear | Villager (Male) |
| 7:31 | Crear | Villager (Male) |
| 7:57 | Crear | Villager (Male) |
| 8:22 | Crear | Villager (Male) |
| 8:36 | Crear | Villager (Male) |
| 9:46 | Crear | Villager (Male) |
| 9:47 | Investigar | Feudal Age |
| 9:59 | Construir | House |
| 10:03 | Construir | Barracks |
| 10:15 | Construir | Mining Camp |
| 10:58 | Crear | Villager (Male) |
| 11:10 | Construir | Mining Camp |
| 11:32 | Investigar | Stone Mining |
| 11:33 | Investigar | Gold Mining |
| 11:37 | Investigar | Double-Bit Axe |
| 11:44 | Crear | Villager (Male) |
| 11:45 | Crear | Villager (Male) |
| 11:45 | Crear | Villager (Male) |
| 12:04 | Investigar | Horse Collar |
| 12:44 | Construir | Farm |
| 12:45 | Construir | Farm |
| 12:56 | Crear | Villager (Male) |
| 12:59 | Construir | Farm |
| 13:04 | Construir | Farm |
| 13:19 | Construir | Farm |
| 13:23 | Construir | Farm |
| 13:28 | Crear | Villager (Male) |
| 13:30 | Crear | Villager (Male) |
| 13:43 | Construir | House |
| 13:45 | Construir | House |
| 13:51 | Construir | Farm |
| 13:56 | Investigar | Loom |
| 13:58 | Crear | Villager (Male) |
| 14:19 | Crear | Villager (Male) |
| 14:35 | Construir | Farm |
| 14:38 | Construir | Farm |
| 14:44 | Crear | Villager (Male) |
| 14:48 | Construir | Farm |
| 14:53 | Construir | Farm |
| 15:10 | Construir | Farm |
| 15:14 | Construir | Farm |
| 15:18 | Crear | Villager (Male) |
| 15:37 | Construir | Farm |
| 15:42 | Construir | Farm |
| 16:59 | Construir | Market |
| 18:02 | Construir | Blacksmith |
| 18:17 | Crear | Villager (Male) |
| 18:42 | Investigar | Castle Age |
| 19:07 | Investigar | Forging |
| 19:14 | Investigar | Arson |
| 19:25 | Construir | Mining Camp |
| 19:41 | Construir | Farm |
| 20:07 | Construir | House |
| 20:08 | Construir | House |
| 20:10 | Construir | House |
| 20:10 | Construir | House |
| 20:20 | Construir | Castle |
| 20:26 | Construir | Mining Camp |
| 20:36 | Crear | Villager (Male) |
| 20:38 | Crear | Villager (Male) |
| 20:46 | Investigar | Iron Casting |
| 20:48 | Investigar | Fletching |
| 20:52 | Investigar | Squires |
| 21:00 | Crear | Villager (Male) |
| 21:18 | Construir | House |
| 21:19 | Construir | House |
| 21:20 | Construir | House |
| 21:24 | Construir | House |
| 21:30 | Crear | Villager (Male) |
| 21:30 | Crear | Villager (Male) |
| 21:49 | Crear | Karambit Warrior ×5 |
| 21:49 | Crear | Karambit Warrior ×5 |
| 21:49 | Crear | Karambit Warrior ×5 |
| 21:49 | Crear | Karambit Warrior ×5 |
| 21:49 | Crear | Karambit Warrior ×5 |
| 21:59 | Crear | Villager (Male) |
| 22:21 | Crear | Karambit Warrior |
| 22:21 | Crear | Karambit Warrior |
| 22:27 | Crear | Villager (Male) |
| 22:36 | Crear | Karambit Warrior ×5 |
| 22:36 | Crear | Karambit Warrior ×5 |
| 22:36 | Crear | Karambit Warrior ×5 |
| 22:56 | Construir | Farm |
| 22:56 | Construir | Farm |
| 22:57 | Construir | Farm |
| 23:04 | Crear | Karambit Warrior |
| 23:05 | Crear | Karambit Warrior |
| 23:05 | Crear | Karambit Warrior |
| 23:35 | Crear | Karambit Warrior |
| 23:36 | Crear | Karambit Warrior |
| 23:36 | Crear | Karambit Warrior |
| 24:04 | Crear | Karambit Warrior ×5 |
| 24:05 | Crear | Karambit Warrior ×5 |
| 24:05 | Crear | Karambit Warrior ×4 |
| 24:14 | Crear | Karambit Warrior ×2 |
| 24:14 | Crear | Karambit Warrior ×2 |
| 24:54 | Crear | Villager (Male) |
| 24:55 | Crear | Villager (Male) |
| 24:55 | Crear | Villager (Male) |
| 24:55 | Crear | Villager (Male) |
| 24:59 | Crear | Karambit Warrior ×5 |
| 25:00 | Crear | Karambit Warrior ×5 |
| 25:00 | Crear | Karambit Warrior ×5 |
| 25:00 | Crear | Karambit Warrior |
| 25:00 | Crear | Karambit Warrior |
| 25:47 | Crear | Karambit Warrior ×5 |
| 25:47 | Crear | Karambit Warrior ×5 |
| 25:48 | Crear | Karambit Warrior ×5 |
| 25:49 | Crear | Villager (Male) |
| 26:01 | Construir | Town Center |
| 26:40 | Crear | Villager (Male) |
| 26:40 | Crear | Villager (Male) |
| 27:14 | Crear | Villager (Male) |
| 27:14 | Crear | Villager (Male) |
| 27:14 | Crear | Villager (Male) |
| 27:14 | Crear | Villager (Male) |
| 27:15 | Crear | Villager (Male) |
| 27:19 | Crear | Villager (Male) |
| 27:19 | Crear | Villager (Male) |
| 27:19 | Crear | Villager (Male) |
| 27:21 | Construir | Farm |
| 27:41 | Crear | Villager (Male) |
| 27:41 | Crear | Villager (Male) |
| 27:41 | Crear | Villager (Male) |
| 27:42 | Crear | Villager (Male) |
| 29:03 | Crear | Villager (Male) |
| 29:04 | Crear | Villager (Male) |
| 29:05 | Crear | Villager (Male) |
Build order — root
Primeras 150 de 404 acciones detectadas
| 0:03 | Crear | Villager (Male) |
| 0:03 | Crear | Villager (Male) |
| 0:04 | Construir | House |
| 0:06 | Construir | House |
| 0:09 | Construir | House |
| 0:09 | Crear | Villager (Male) |
| 0:20 | Crear | Villager (Male) |
| 1:31 | Crear | Villager (Male) |
| 2:01 | Construir | Lumber Camp |
| 2:04 | Crear | Villager (Male) |
| 2:29 | Crear | Villager (Male) |
| 2:39 | Construir | House |
| 2:43 | Construir | House |
| 2:52 | Crear | Villager (Male) |
| 3:18 | Construir | House |
| 3:22 | Crear | Villager (Male) |
| 3:26 | Construir | House |
| 3:46 | Crear | Villager (Male) |
| 3:46 | Crear | Villager (Male) |
| 4:03 | Crear | Villager (Male) |
| 4:24 | Construir | Mill |
| 4:36 | Crear | Villager (Male) |
| 4:36 | Crear | Villager (Male) |
| 5:20 | Crear | Villager (Male) |
| 5:50 | Crear | Villager (Male) |
| 5:51 | Crear | Villager (Male) |
| 6:07 | Crear | Villager (Male) |
| 6:07 | Crear | Villager (Male) |
| 6:19 | Construir | House |
| 6:52 | Crear | Villager (Male) |
| 7:06 | Crear | Villager (Male) |
| 7:32 | Crear | Villager (Male) |
| 8:04 | Construir | House |
| 8:27 | Crear | Villager (Male) |
| 8:59 | Construir | Mining Camp |
| 9:00 | Crear | Villager (Male) |
| 9:26 | Investigar | Feudal Age |
| 10:25 | Construir | House |
| 10:27 | Construir | House |
| 10:27 | Construir | House |
| 11:03 | Crear | Villager (Male) |
| 11:55 | Edad | Edad Feudal |
| 11:56 | Construir | Farm |
| 11:59 | Construir | Farm |
| 11:59 | Crear | Villager (Male) |
| 12:03 | Investigar | Double-Bit Axe |
| 12:09 | Construir | Market |
| 12:13 | Construir | Blacksmith |
| 12:17 | Crear | Villager (Male) |
| 12:19 | Construir | Farm |
| 12:23 | Construir | Farm |
| 12:27 | Construir | Farm |
| 12:30 | Construir | Farm |
| 12:31 | Crear | Villager (Male) |
| 12:55 | Construir | Farm |
| 13:04 | Construir | Farm |
| 13:08 | Construir | Farm |
| 13:16 | Construir | Farm |
| 13:18 | Crear | Villager (Male) |
| 13:21 | Construir | Farm |
| 13:22 | Crear | Villager (Male) |
| 13:38 | Construir | Farm |
| 14:04 | Construir | Farm |
| 14:32 | Investigar | Castle Age |
| 14:36 | Construir | Farm |
| 15:29 | Investigar | Horse Collar |
| 16:25 | Crear | Villager (Male) |
| 16:27 | Crear | Villager (Male) |
| 16:40 | Construir | House |
| 16:42 | Construir | House |
| 16:42 | Construir | House |
| 16:46 | Construir | House |
| 16:50 | Crear | Villager (Male) |
| 17:12 | Edad | Edad de los Castillos |
| 17:14 | Construir | Town Center |
| 17:16 | Crear | Villager (Male) |
| 17:21 | Construir | Town Center |
| 17:25 | Crear | Villager (Male) |
| 17:38 | Construir | Siege Workshop |
| 17:46 | Investigar | Heavy Plow |
| 17:47 | Crear | Villager (Male) |
| 17:49 | Investigar | Bow Saw |
| 17:50 | Crear | Villager (Male) |
| 18:15 | Construir | House |
| 18:16 | Construir | House |
| 18:17 | Construir | House |
| 18:25 | Construir | Farm |
| 18:27 | Construir | Farm |
| 18:28 | Construir | Farm |
| 18:29 | Construir | Farm |
| 18:30 | Construir | Farm |
| 18:32 | Crear | Villager (Male) |
| 18:33 | Crear | Villager (Male) |
| 18:39 | Crear | Mangonel |
| 18:43 | Construir | Farm |
| 18:46 | Construir | Farm |
| 18:48 | Construir | Farm |
| 18:52 | Construir | Farm |
| 18:55 | Construir | Farm |
| 18:58 | Construir | Farm |
| 19:02 | Construir | Farm |
| 19:03 | Crear | Villager (Male) |
| 19:14 | Crear | Villager (Male) |
| 19:19 | Crear | Villager (Male) |
| 19:20 | Crear | Villager (Male) |
| 19:33 | Crear | Villager (Male) |
| 19:34 | Crear | Villager (Male) |
| 19:41 | Construir | House |
| 19:41 | Construir | House |
| 19:47 | Crear | Villager (Male) |
| 19:53 | Construir | Farm |
| 19:55 | Construir | Farm |
| 19:56 | Crear | Villager (Male) |
| 20:15 | Crear | Villager (Male) |
| 20:16 | Crear | Villager (Male) |
| 20:39 | Crear | Villager (Male) |
| 20:40 | Crear | Villager (Male) |
| 20:41 | Crear | Villager (Male) |
| 20:42 | Crear | Villager (Male) |
| 20:46 | Construir | House |
| 20:49 | Construir | House |
| 20:50 | Construir | House |
| 20:51 | Construir | House |
| 20:52 | Crear | Villager (Male) |
| 20:53 | Crear | Villager (Male) |
| 21:04 | Construir | Town Center |
| 21:07 | Crear | Villager (Male) |
| 21:16 | Construir | Farm |
| 21:17 | Crear | Villager (Male) |
| 21:25 | Crear | Villager (Male) |
| 21:26 | Crear | Villager (Male) |
| 21:32 | Crear | Villager (Male) |
| 21:33 | Crear | Villager (Male) |
| 21:45 | Crear | Villager (Male) |
| 21:56 | Construir | Mining Camp |
| 21:59 | Construir | Mining Camp |
| 22:01 | Crear | Villager (Male) |
| 22:02 | Crear | Villager (Male) |
| 22:04 | Crear | Villager (Male) |
| 22:08 | Investigar | Wheelbarrow |
| 23:36 | Crear | Villager (Male) |
| 23:37 | Crear | Villager (Male) |
| 23:37 | Investigar | Hand Cart |
| 23:38 | Crear | Villager (Male) |
| 23:39 | Crear | Villager (Male) |
| 23:44 | Crear | Villager (Male) |
| 23:50 | Construir | Farm |
| 23:51 | Construir | Farm |
| 23:51 | Construir | Farm |
| 23:52 | Construir | Farm |
Build order — H
Primeras 150 de 225 acciones detectadas
| 0:07 | Construir | House |
| 0:08 | Construir | House |
| 0:09 | Construir | House |
| 0:10 | Construir | House |
| 0:13 | Crear | Villager (Male) ×4 |
| 1:31 | Construir | Mill |
| 1:46 | Crear | Villager (Male) |
| 1:47 | Crear | Villager (Male) |
| 2:32 | Crear | Villager (Male) |
| 2:32 | Crear | Villager (Male) |
| 2:49 | Crear | Villager (Male) |
| 3:10 | Crear | Villager (Male) |
| 3:10 | Crear | Villager (Male) |
| 3:47 | Crear | Villager (Male) |
| 3:47 | Crear | Villager (Male) |
| 4:17 | Crear | Villager (Male) |
| 4:17 | Crear | Villager (Male) |
| 4:49 | Crear | Villager (Male) |
| 5:26 | Crear | Villager (Male) |
| 5:26 | Crear | Villager (Male) |
| 6:10 | Crear | Villager (Male) |
| 6:32 | Crear | Villager (Male) |
| 6:32 | Crear | Villager (Male) |
| 7:24 | Crear | Villager (Male) |
| 7:39 | Crear | Villager (Male) |
| 8:19 | Crear | Villager (Male) |
| 8:53 | Construir | Lumber Camp |
| 9:38 | Investigar | Feudal Age |
| 9:52 | Construir | House |
| 9:53 | Construir | House |
| 9:54 | Construir | House |
| 9:56 | Construir | House |
| 9:57 | Construir | House |
| 11:40 | Construir | Mining Camp |
| 11:48 | Edad | Edad Feudal |
| 11:54 | Investigar | Double-Bit Axe |
| 12:04 | Crear | Villager (Male) |
| 12:05 | Crear | Villager (Male) |
| 12:52 | Investigar | Horse Collar |
| 13:06 | Crear | Villager (Male) |
| 13:07 | Crear | Villager (Male) |
| 13:16 | Construir | Farm |
| 13:18 | Construir | Farm |
| 13:19 | Construir | Farm |
| 13:21 | Construir | Farm |
| 13:22 | Construir | Farm |
| 13:24 | Construir | Farm |
| 13:33 | Crear | Villager (Male) |
| 13:51 | Construir | Farm |
| 13:56 | Construir | Farm |
| 14:06 | Construir | Farm |
| 14:11 | Construir | Farm |
| 14:16 | Construir | Farm |
| 14:28 | Construir | Farm |
| 14:32 | Crear | Villager (Male) |
| 14:32 | Crear | Villager (Male) |
| 15:11 | Crear | Villager (Male) |
| 15:40 | Crear | Villager (Male) |
| 15:40 | Crear | Villager (Male) |
| 15:46 | Construir | Blacksmith |
| 16:04 | Construir | Town Center |
| 16:21 | Construir | Market |
| 16:31 | Crear | Villager (Male) |
| 16:38 | Construir | House |
| 16:39 | Construir | House |
| 16:41 | Construir | House |
| 16:42 | Construir | House |
| 16:54 | Construir | Mining Camp |
| 17:10 | Crear | Villager (Male) |
| 17:10 | Crear | Villager (Male) |
| 17:10 | Crear | Villager (Male) |
| 17:14 | Construir | Farm |
| 17:48 | Construir | Barracks |
| 17:55 | Construir | Farm |
| 18:07 | Construir | Farm |
| 18:15 | Crear | Villager (Male) |
| 18:44 | Investigar | Stone Mining |
| 18:46 | Investigar | Castle Age |
| 18:52 | Construir | Farm |
| 18:57 | Construir | Farm |
| 19:14 | Investigar | Gold Mining |
| 19:25 | Investigar | Wheelbarrow |
| 19:49 | Crear | Villager (Male) |
| 19:49 | Crear | Villager (Male) |
| 19:55 | Crear | Villager (Male) |
| 19:57 | Crear | Villager (Male) |
| 20:03 | Construir | House |
| 20:04 | Construir | House |
| 20:05 | Construir | House |
| 20:08 | Construir | House |
| 20:10 | Construir | House |
| 21:03 | Crear | Villager (Male) |
| 21:03 | Crear | Villager (Male) |
| 21:15 | Crear | Villager (Male) |
| 21:16 | Crear | Villager (Male) |
| 21:30 | Edad | Edad de los Castillos |
| 21:31 | Investigar | Bow Saw |
| 21:34 | Investigar | Heavy Plow |
| 22:13 | Crear | Villager (Male) |
| 22:42 | Construir | Castle |
| 22:56 | Crear | Villager (Male) |
| 22:56 | Crear | Villager (Male) |
| 22:56 | Crear | Villager (Male) |
| 22:58 | Investigar | Hand Cart |
| 23:55 | Construir | House |
| 24:06 | Construir | House |
| 24:18 | Construir | House |
| 24:38 | Investigar | Fletching |
| 24:41 | Crear | Villager (Male) |
| 24:41 | Crear | Villager (Male) |
| 24:41 | Crear | Villager (Male) |
| 24:44 | Crear | Villager (Male) |
| 24:44 | Crear | Villager (Male) |
| 24:45 | Crear | Villager (Male) |
| 25:32 | Construir | Farm |
| 25:34 | Construir | Farm |
| 25:35 | Construir | Farm |
| 25:39 | Crear | Villager (Male) |
| 25:39 | Crear | Villager (Male) |
| 26:05 | Construir | Mining Camp |
| 26:08 | Crear | Kipchak |
| 26:08 | Crear | Kipchak |
| 26:36 | Investigar | Gold Shaft Mining |
| 26:44 | Construir | Farm |
| 26:46 | Construir | Farm |
| 26:56 | Construir | Town Center |
| 27:01 | Crear | Villager (Male) |
| 27:01 | Crear | Villager (Male) |
| 27:01 | Crear | Villager (Male) |
| 27:11 | Crear | Villager (Male) |
| 27:12 | Crear | Villager (Male) |
| 27:24 | Construir | Farm |
| 27:28 | Construir | Farm |
| 27:49 | Construir | Farm |
| 27:51 | Crear | Villager (Male) |
| 28:01 | Investigar | Imperial Age |
| 28:16 | Crear | Kipchak |
| 28:16 | Crear | Kipchak |
| 28:53 | Construir | Farm |
| 28:55 | Construir | Farm |
| 28:57 | Crear | Villager (Male) |
| 28:58 | Crear | Villager (Male) |
| 28:58 | Crear | Villager (Male) |
| 28:58 | Crear | Villager (Male) |
| 29:03 | Construir | Archery Range |
| 29:10 | Construir | Stable |
| 29:13 | Crear | Villager (Male) |
| 29:13 | Crear | Villager (Male) |
| 29:14 | Crear | Villager (Male) |
| 29:14 | Crear | Villager (Male) |
Build order — mrsoysal
Primeras 150 de 226 acciones detectadas
| 0:02 | Crear | Villager (Male) ×4 |
| 0:03 | Investigar | Loom |
| 0:05 | Construir | House |
| 0:33 | Construir | House |
| 1:51 | Crear | Villager (Male) |
| 2:19 | Crear | Villager (Male) |
| 2:43 | Crear | Villager (Male) |
| 2:43 | Crear | Villager (Male) |
| 2:43 | Crear | Villager (Male) |
| 3:34 | Crear | Villager (Male) |
| 3:34 | Crear | Villager (Male) |
| 3:34 | Crear | Villager (Male) |
| 4:03 | Crear | Villager (Male) |
| 4:03 | Crear | Villager (Male) |
| 4:03 | Crear | Villager (Male) |
| 4:03 | Crear | Villager (Male) |
| 4:14 | Construir | House |
| 4:16 | Construir | House |
| 4:58 | Construir | Lumber Camp |
| 5:03 | Crear | Villager (Male) |
| 5:03 | Crear | Villager (Male) |
| 5:03 | Crear | Villager (Male) |
| 6:35 | Construir | Mill |
| 7:08 | Construir | Mining Camp |
| 7:39 | Investigar | Feudal Age |
| 8:16 | Crear | Villager (Male) |
| 8:16 | Crear | Villager (Male) |
| 8:16 | Crear | Villager (Male) |
| 8:21 | Construir | House |
| 8:23 | Construir | House |
| 8:29 | Construir | House |
| 8:30 | Construir | House |
| 8:35 | Crear | Villager (Male) |
| 8:35 | Crear | Villager (Male) |
| 8:35 | Crear | Villager (Male) |
| 9:43 | Crear | Villager (Male) |
| 9:44 | Crear | Villager (Male) |
| 9:44 | Crear | Villager (Male) |
| 9:44 | Crear | Villager (Male) |
| 9:49 | Edad | Edad Feudal |
| 10:34 | Crear | Villager (Male) |
| 10:34 | Crear | Villager (Male) |
| 10:34 | Crear | Villager (Male) |
| 10:35 | Crear | Villager (Male) |
| 10:59 | Crear | Villager (Male) |
| 11:00 | Crear | Villager (Male) |
| 11:00 | Crear | Villager (Male) |
| 11:36 | Construir | Blacksmith |
| 11:52 | Crear | Villager (Male) |
| 11:52 | Crear | Villager (Male) |
| 12:20 | Crear | Villager (Male) |
| 12:21 | Crear | Villager (Male) |
| 13:00 | Crear | Villager (Male) |
| 13:00 | Crear | Villager (Male) |
| 13:11 | Construir | Farm |
| 13:34 | Crear | Villager (Male) |
| 13:34 | Crear | Villager (Male) |
| 13:36 | Construir | Farm |
| 14:01 | Construir | Farm |
| 14:04 | Crear | Villager (Male) |
| 14:04 | Crear | Villager (Male) |
| 14:23 | Crear | Villager (Male) |
| 14:23 | Crear | Villager (Male) |
| 14:27 | Construir | Farm |
| 14:56 | Construir | Farm |
| 14:59 | Crear | Villager (Male) |
| 14:59 | Crear | Villager (Male) |
| 15:19 | Construir | Siege Workshop |
| 15:22 | Construir | Siege Workshop |
| 15:28 | Construir | Farm |
| 15:30 | Crear | Villager (Male) |
| 15:30 | Crear | Villager (Male) |
| 15:31 | Crear | Villager (Male) |
| 16:10 | Crear | Villager (Male) |
| 16:10 | Crear | Villager (Male) |
| 16:10 | Crear | Villager (Male) |
| 16:24 | Construir | Mill |
| 16:53 | Construir | Market |
| 17:07 | Construir | Farm |
| 17:11 | Crear | Villager (Male) |
| 17:11 | Crear | Villager (Male) |
| 17:19 | Construir | Farm |
| 17:24 | Construir | Farm |
| 17:31 | Construir | Farm |
| 17:34 | Construir | Farm |
| 17:47 | Construir | Farm |
| 17:56 | Crear | Villager (Male) |
| 17:57 | Crear | Villager (Male) |
| 17:57 | Crear | Villager (Male) |
| 17:57 | Crear | Villager (Male) |
| 17:59 | Crear | Villager (Male) |
| 17:59 | Crear | Villager (Male) |
| 18:20 | Investigar | Double-Bit Axe |
| 18:46 | Construir | Farm |
| 19:13 | Crear | Battering Ram ×2 |
| 19:13 | Crear | Battering Ram ×2 |
| 20:10 | Investigar | Castle Age |
| 20:15 | Crear | Villager (Male) |
| 20:21 | Construir | House |
| 20:22 | Construir | House |
| 20:24 | Construir | House |
| 20:25 | Construir | House |
| 20:26 | Construir | House |
| 21:03 | Construir | Town Center |
| 21:28 | Construir | Siege Workshop |
| 21:42 | Crear | Villager (Male) |
| 21:51 | Crear | Villager (Male) |
| 21:51 | Crear | Villager (Male) |
| 21:51 | Crear | Villager (Male) |
| 21:52 | Crear | Villager (Male) |
| 21:52 | Crear | Villager (Male) |
| 21:52 | Crear | Villager (Male) |
| 21:52 | Crear | Villager (Male) |
| 21:59 | Construir | Lumber Camp |
| 22:51 | Investigar | Gold Mining |
| 22:54 | Edad | Edad de los Castillos |
| 22:59 | Investigar | Bow Saw |
| 23:06 | Construir | House |
| 23:07 | Construir | House |
| 23:08 | Construir | House |
| 23:58 | Construir | Mining Camp |
| 24:22 | Crear | Battering Ram |
| 24:36 | Crear | Villager (Male) |
| 24:36 | Crear | Villager (Male) |
| 24:39 | Crear | Villager (Male) |
| 24:39 | Crear | Villager (Male) |
| 24:39 | Crear | Villager (Male) |
| 24:39 | Crear | Villager (Male) |
| 24:40 | Crear | Villager (Male) |
| 24:40 | Crear | Villager (Male) |
| 24:40 | Crear | Villager (Male) |
| 24:40 | Crear | Villager (Male) |
| 24:41 | Crear | Villager (Male) |
| 24:41 | Crear | Villager (Male) |
| 24:41 | Crear | Villager (Male) |
| 24:41 | Crear | Villager (Male) |
| 24:50 | Construir | Monastery |
| 25:51 | Investigar | Capped Ram (upgrade) |
| 25:58 | Construir | Farm |
| 25:59 | Crear | Villager (Male) |
| 26:27 | Construir | Farm |
| 26:31 | Construir | Farm |
| 26:34 | Crear | Monk |
| 27:10 | Construir | Farm |
| 27:13 | Construir | Farm |
| 27:16 | Crear | Villager (Male) |
| 27:16 | Crear | Villager (Male) |
| 27:24 | Construir | Farm |
| 27:36 | Construir | Farm |
| 28:06 | Construir | House |
Build order — Bombastic Fanstastic
Primeras 150 de 174 acciones detectadas
| 0:02 | Crear | Villager (Male) ×4 |
| 0:02 | Crear | Villager (Male) ×4 |
| 0:05 | Construir | House |
| 0:10 | Construir | House |
| 1:09 | Construir | Lumber Camp |
| 1:24 | Investigar | Loom |
| 2:01 | Crear | Villager (Male) |
| 2:20 | Crear | Villager (Male) |
| 2:47 | Crear | Villager (Male) |
| 3:13 | Crear | Villager (Male) |
| 3:47 | Construir | House |
| 3:54 | Construir | Mill |
| 3:57 | Crear | Villager (Male) |
| 3:57 | Crear | Villager (Male) |
| 4:29 | Crear | Villager (Male) |
| 4:49 | Crear | Villager (Male) |
| 5:31 | Crear | Villager (Male) |
| 5:32 | Crear | Villager (Male) |
| 5:32 | Crear | Villager (Male) |
| 6:40 | Crear | Villager (Male) |
| 7:00 | Construir | House |
| 7:01 | Construir | House |
| 7:06 | Crear | Villager (Male) |
| 7:06 | Crear | Villager (Male) |
| 8:02 | Construir | Barracks |
| 8:17 | Crear | Villager (Male) |
| 8:47 | Investigar | Feudal Age |
| 8:59 | Construir | Mining Camp |
| 10:41 | Construir | Mill |
| 10:49 | Crear | Villager (Male) |
| 10:50 | Crear | Villager (Male) |
| 10:57 | Edad | Edad Feudal |
| 11:00 | Investigar | Double-Bit Axe |
| 11:02 | Investigar | Horse Collar |
| 11:38 | Crear | Villager (Male) |
| 11:38 | Crear | Villager (Male) |
| 12:04 | Construir | Market |
| 12:22 | Crear | Villager (Male) |
| 12:22 | Crear | Villager (Male) |
| 12:58 | Construir | Lumber Camp |
| 13:03 | Crear | Villager (Male) |
| 13:03 | Crear | Villager (Male) |
| 13:09 | Construir | House |
| 13:09 | Construir | House |
| 13:11 | Construir | House |
| 13:59 | Construir | Farm |
| 14:00 | Construir | Farm |
| 14:01 | Construir | Farm |
| 14:06 | Construir | Farm |
| 14:22 | Investigar | Wheelbarrow |
| 14:39 | Construir | Farm |
| 15:06 | Construir | Archery Range |
| 15:19 | Crear | Villager (Male) |
| 15:19 | Crear | Villager (Male) |
| 16:02 | Construir | Archery Range |
| 16:05 | Crear | Archer |
| 16:06 | Crear | Archer |
| 16:14 | Construir | Farm |
| 16:38 | Investigar | Castle Age |
| 16:50 | Construir | Farm |
| 16:57 | Crear | Archer |
| 16:57 | Crear | Archer |
| 17:11 | Construir | Blacksmith |
| 17:37 | Investigar | Gold Mining |
| 17:43 | Crear | Archer |
| 17:43 | Crear | Archer |
| 18:22 | Construir | Mining Camp |
| 18:25 | Investigar | Fletching |
| 18:33 | Crear | Archer |
| 18:33 | Crear | Archer |
| 19:11 | Crear | Villager (Male) |
| 19:12 | Crear | Villager (Male) |
| 19:18 | Edad | Edad de los Castillos |
| 19:30 | Construir | Town Center |
| 19:34 | Crear | Villager (Male) |
| 19:38 | Investigar | Squires |
| 19:40 | Investigar | Arson |
| 19:41 | Investigar | Gambesons |
| 20:04 | Construir | Mining Camp |
| 20:16 | Construir | Farm |
| 20:49 | Crear | Villager (Male) |
| 20:49 | Crear | Villager (Male) |
| 20:53 | Crear | Villager (Male) |
| 20:54 | Crear | Villager (Male) |
| 21:00 | Investigar | Bow Saw |
| 21:11 | Construir | Siege Workshop |
| 21:17 | Crear | Unit 1911 |
| 21:17 | Crear | Unit 1911 |
| 21:23 | Construir | House |
| 21:24 | Construir | House |
| 21:25 | Construir | House |
| 21:28 | Crear | Villager (Male) |
| 21:31 | Crear | Villager (Male) |
| 21:32 | Crear | Villager (Male) |
| 21:50 | Construir | Farm |
| 22:07 | Crear | Villager (Male) ×2 |
| 22:17 | Construir | Farm |
| 22:23 | Crear | Iron Pagoda |
| 22:41 | Crear | Villager (Male) |
| 22:44 | Crear | Villager (Male) |
| 22:53 | Construir | Farm |
| 23:02 | Crear | Unit 1911 |
| 23:03 | Crear | Unit 1911 |
| 24:01 | Crear | Iron Pagoda |
| 24:15 | Investigar | Hand Cart |
| 24:18 | Crear | Villager (Male) |
| 24:18 | Crear | Villager (Male) |
| 24:45 | Crear | Unit 1911 |
| 24:45 | Crear | Unit 1911 |
| 25:06 | Construir | Castle |
| 25:11 | Crear | Iron Pagoda |
| 25:29 | Crear | Villager (Male) ×5 |
| 25:37 | Construir | House |
| 25:37 | Construir | House |
| 25:38 | Construir | House |
| 25:39 | Construir | House |
| 25:40 | Construir | House |
| 25:52 | Crear | Unit 1911 |
| 25:52 | Crear | Unit 1911 |
| 26:41 | Crear | Iron Pagoda |
| 26:42 | Crear | Iron Pagoda |
| 26:52 | Crear | Villager (Male) |
| 26:52 | Crear | Villager (Male) |
| 27:03 | Construir | Siege Workshop |
| 28:05 | Crear | Unit 1911 |
| 28:05 | Crear | Unit 1911 |
| 28:05 | Crear | Unit 1911 |
| 28:19 | Construir | Castle |
| 28:44 | Crear | Unit 1911 |
| 28:44 | Crear | Unit 1911 |
| 28:44 | Crear | Unit 1911 |
| 28:47 | Crear | Iron Pagoda |
| 28:47 | Crear | Iron Pagoda |
| 29:19 | Crear | Iron Pagoda |
| 29:19 | Crear | Iron Pagoda |
| 29:22 | Crear | Villager (Male) ×5 |
| 29:26 | Crear | Villager (Male) ×5 |
| 29:50 | Crear | Unit 1911 ×4 |
| 30:11 | Construir | Mining Camp |
| 30:20 | Construir | Farm |
| 30:22 | Investigar | Heavy Plow |
| 30:27 | Construir | Farm |
| 30:48 | Construir | Farm |
| 30:52 | Construir | Farm |
| 31:02 | Construir | Lumber Camp |
| 31:15 | Construir | Farm |
| 31:17 | Investigar | Town Watch |
| 31:31 | Crear | Battering Ram |
| 31:31 | Crear | Battering Ram |
| 31:47 | Construir | Castle |
Build order — julitadey
Primeras 150 de 308 acciones detectadas
| 0:05 | Crear | Villager (Male) |
| 0:06 | Crear | Villager (Male) |
| 0:06 | Crear | Villager (Male) |
| 0:06 | Crear | Villager (Male) |
| 0:06 | Crear | Villager (Male) |
| 0:11 | Construir | House |
| 0:17 | Construir | House |
| 1:52 | Crear | Villager (Male) |
| 1:53 | Crear | Villager (Male) |
| 2:18 | Crear | Villager (Male) |
| 2:19 | Crear | Villager (Male) |
| 2:38 | Crear | Villager (Male) |
| 2:53 | Crear | Villager (Male) |
| 3:38 | Crear | Villager (Male) |
| 3:38 | Crear | Villager (Male) |
| 3:39 | Crear | Villager (Male) |
| 4:11 | Construir | House |
| 4:14 | Crear | Villager (Male) |
| 4:15 | Crear | Villager (Male) |
| 4:31 | Construir | Mill |
| 4:51 | Crear | Villager (Male) |
| 4:56 | Crear | Villager (Male) |
| 4:57 | Crear | Villager (Male) |
| 5:12 | Construir | Farm |
| 5:41 | Crear | Villager (Male) |
| 5:57 | Construir | House |
| 6:04 | Crear | Villager (Male) |
| 6:12 | Construir | Farm |
| 6:28 | Crear | Villager (Male) |
| 6:47 | Construir | House |
| 6:56 | Crear | Villager (Male) |
| 6:56 | Crear | Villager (Male) |
| 6:58 | Crear | Villager (Male) |
| 7:08 | Construir | Lumber Camp |
| 7:33 | Construir | Lumber Camp |
| 7:39 | Crear | Villager (Male) |
| 7:39 | Crear | Villager (Male) |
| 8:01 | Crear | Villager (Male) |
| 8:01 | Crear | Villager (Male) |
| 9:35 | Construir | Mining Camp |
| 9:42 | Investigar | Feudal Age |
| 9:53 | Construir | Farm |
| 10:23 | Crear | Villager (Male) |
| 10:24 | Crear | Villager (Male) |
| 10:24 | Crear | Villager (Male) |
| 11:20 | Construir | Farm |
| 11:25 | Construir | Farm |
| 11:28 | Construir | Farm |
| 11:31 | Construir | Farm |
| 11:37 | Construir | Farm |
| 11:43 | Construir | Farm |
| 12:03 | Edad | Edad Feudal |
| 12:11 | Construir | Market |
| 12:21 | Construir | Blacksmith |
| 13:08 | Investigar | Loom |
| 13:53 | Investigar | Castle Age |
| 14:19 | Construir | House |
| 14:21 | Construir | House |
| 14:38 | Construir | House |
| 14:39 | Construir | House |
| 14:40 | Construir | House |
| 14:50 | Construir | Farm |
| 14:58 | Construir | Farm |
| 15:04 | Construir | Farm |
| 15:11 | Construir | Farm |
| 15:51 | Construir | Farm |
| 16:03 | Investigar | Double-Bit Axe |
| 16:31 | Crear | Villager (Male) |
| 16:31 | Crear | Villager (Male) |
| 16:32 | Crear | Villager (Male) |
| 16:33 | Edad | Edad de los Castillos |
| 16:33 | Crear | Villager (Male) |
| 16:42 | Construir | Town Center |
| 16:54 | Construir | Town Center |
| 17:03 | Construir | Farm |
| 17:54 | Crear | Villager (Male) |
| 17:54 | Crear | Villager (Male) |
| 17:54 | Crear | Villager (Male) |
| 18:03 | Crear | Villager (Male) |
| 18:04 | Crear | Villager (Male) |
| 18:04 | Crear | Villager (Male) |
| 18:04 | Crear | Villager (Male) |
| 18:10 | Investigar | Horse Collar |
| 18:16 | Construir | Farm |
| 18:30 | Construir | Farm |
| 18:33 | Crear | Villager (Male) |
| 18:33 | Crear | Villager (Male) |
| 18:34 | Crear | Villager (Male) |
| 18:34 | Crear | Villager (Male) |
| 18:35 | Crear | Villager (Male) |
| 19:08 | Construir | Farm |
| 19:13 | Construir | Farm |
| 19:16 | Construir | Farm |
| 19:20 | Construir | Farm |
| 19:25 | Construir | Farm |
| 19:29 | Crear | Villager (Male) |
| 19:30 | Crear | Villager (Male) |
| 19:30 | Crear | Villager (Male) |
| 19:30 | Crear | Villager (Male) |
| 19:30 | Crear | Villager (Male) |
| 19:31 | Crear | Villager (Male) |
| 19:31 | Crear | Villager (Male) |
| 19:31 | Crear | Villager (Male) |
| 19:36 | Construir | Farm |
| 19:40 | Construir | Farm |
| 19:44 | Construir | Farm |
| 20:04 | Crear | Villager (Male) |
| 20:04 | Crear | Villager (Male) |
| 20:04 | Crear | Villager (Male) |
| 20:19 | Construir | Farm |
| 20:26 | Construir | Farm |
| 20:30 | Construir | Farm |
| 20:36 | Crear | Villager (Male) |
| 20:37 | Crear | Villager (Male) |
| 20:37 | Crear | Villager (Male) |
| 20:37 | Crear | Villager (Male) |
| 20:37 | Crear | Villager (Male) |
| 20:38 | Crear | Villager (Male) |
| 20:40 | Construir | Farm |
| 20:45 | Construir | Farm |
| 21:12 | Construir | Farm |
| 21:33 | Investigar | Bow Saw |
| 21:46 | Crear | Villager (Male) |
| 21:47 | Crear | Villager (Male) |
| 21:47 | Crear | Villager (Male) |
| 21:47 | Crear | Villager (Male) |
| 21:47 | Crear | Villager (Male) |
| 21:47 | Crear | Villager (Male) |
| 21:48 | Crear | Villager (Male) |
| 21:54 | Investigar | Heavy Plow |
| 22:24 | Construir | House |
| 22:39 | Crear | Villager (Male) |
| 22:40 | Crear | Villager (Male) |
| 22:40 | Crear | Villager (Male) |
| 22:40 | Crear | Villager (Male) |
| 22:51 | Construir | House |
| 22:59 | Construir | House |
| 23:01 | Construir | House |
| 23:02 | Construir | House |
| 23:09 | Crear | Villager (Male) |
| 23:10 | Crear | Villager (Male) |
| 23:10 | Crear | Villager (Male) |
| 23:10 | Crear | Villager (Male) |
| 23:10 | Crear | Villager (Male) |
| 23:16 | Investigar | Stone Mining |
| 23:17 | Investigar | Gold Mining |
| 23:30 | Construir | Farm |
| 23:33 | Construir | Farm |
| 23:39 | Construir | Farm |
| 23:41 | Construir | Farm |
Cronología de la partida
| 8:02 | Bombastic Fanstastic · first_building Barracks |
| 9:49 | mrsoysal · age_up feudal |
| 10:03 | Birdbrainsunite · first_building Barracks |
| 10:46 | Don Broca · age_up feudal |
| 10:57 | Bombastic Fanstastic · age_up feudal |
| 11:31 | tzsmwwl · age_up feudal |
| 11:48 | H · age_up feudal |
| 11:55 | root · age_up feudal |
| 12:03 | julitadey · age_up feudal |
| 12:35 | tzsmwwl · first_market_sell 100 wood |
| 12:36 | tzsmwwl · first_market_buy 100 food |
| 15:06 | Bombastic Fanstastic · first_building Archery Range |
| 15:19 | mrsoysal · first_building Siege Workshop |
| 15:27 | tzsmwwl · age_up castle |
| 15:35 | tzsmwwl · first_building Monastery |
| 16:19 | Bombastic Fanstastic · first_market_buy 100 food |
| 16:24 | Bombastic Fanstastic · first_market_sell 100 wood |
| 16:33 | julitadey · age_up castle |
| 17:12 | root · age_up castle |
| 17:38 | root · first_building Siege Workshop |
| 17:48 | H · first_building Barracks |
| 19:18 | Bombastic Fanstastic · age_up castle |
| 19:18 | tzsmwwl · first_building Castle |
| 19:31 | Don Broca · first_building Barracks |
| 19:46 | root · first_market_buy 100 stone |
| 19:53 | Don Broca · age_up castle |
| 20:04 | mrsoysal · first_market_buy 100 food |
| 20:20 | Birdbrainsunite · first_building Castle |
| 21:11 | Bombastic Fanstastic · first_building Siege Workshop |
| 21:30 | H · age_up castle |
| 22:13 | Don Broca · first_building Castle |
| 22:30 | Don Broca · first_building Stable |
| 22:42 | H · first_building Castle |
| 22:54 | mrsoysal · age_up castle |
| 24:18 | root · first_market_sell 100 wood |
| 24:43 | tzsmwwl · wall_segment Stone Wall x2 |
| 24:50 | mrsoysal · first_building Monastery |
| 25:06 | Bombastic Fanstastic · first_building Castle |
| 25:15 | H · first_market_sell 100 wood |
| 25:20 | H · first_market_buy 100 food |
| 25:39 | root · first_building Monastery |
| 27:27 | julitadey · first_building Monastery |
| 27:34 | Don Broca · first_building Monastery |
| 28:02 | root · first_building Castle |
| 28:42 | root · first_building Barracks |
| 28:54 | Don Broca · first_market_buy 100 food |
| 29:00 | Don Broca · first_market_sell 100 wood |
| 29:03 | H · first_building Archery Range |
| 29:10 | H · first_building Stable |
| 29:31 | root · age_up imperial |
| 29:45 | root · first_building Archery Range |
| 30:37 | julitadey · first_building Castle |
| 30:46 | tzsmwwl · age_up imperial |
| 31:20 | julitadey · age_up imperial |
| 31:26 | H · age_up imperial |
| 31:55 | julitadey · first_building Siege Workshop |
| 32:03 | julitadey · first_building Barracks |
| 32:26 | Don Broca · age_up imperial |
| 32:31 | tzsmwwl · first_building Siege Workshop |
| 32:39 | mrsoysal · first_building Castle |
| 32:42 | tzsmwwl · wall_segment Stone Wall x8 |
| 33:44 | Birdbrainsunite · first_market_buy 100 stone |
| 33:50 | tzsmwwl · wall_segment Stone Wall x1 |
| 35:22 | Birdbrainsunite · first_building Archery Range |
| 36:45 | tzsmwwl · wall_segment Stone Wall x10 |
| 36:56 | mrsoysal · first_building Barracks |
| 37:38 | mrsoysal · first_building Stable |
| 38:18 | Birdbrainsunite · resign |
| 38:51 | root · wall_segment Stone Wall x1 |
| 38:59 | root · wall_segment Stone Wall x1 |
| 39:01 | root · wall_segment Stone Wall x1 |
| 39:06 | root · wall_segment Stone Wall x1 |
[ ANÁLISIS IA · 1 CRÉDITO ]
¿Qué pasó realmente en esta partida?
Wolo.gg analiza cada decisión: build order, eco, micro, errores típicos por bracket. Análisis personalizado por WhatsApp o Discord en 30 segundos.
Guía civ
Francos
Guía mapa
Arena
Perfil
Don Broca